Map: Abyssal Reef LE

Players

Guru

  • Race: Zerg Zerg
  • Spawn Location: 5:00

Optimus - Winner!

  • Race: Terran Terran
  • League: Grandmaster
  • Spawn Location: 11:00

VOD

Have the link to the VOD?

Description

Time

  • Played on: Aug. 31, 2017, 6:40 a.m.
  • Length: 11:54
Show
View Real Time Build Order
Export as new Build Order

Guru Zerg 

Build Orders: Pool First 

Get SALT Encoding   

  12  0:01  Drone  
  13  0:13  Overlord  
  13  0:17  Drone  
  14  0:31  Drone x2  
  14  0:35  Drone  
  17  0:45  Spawning Pool  
  17  0:48  Drone  
  17  1:09  Hatchery  
  16  1:13  Drone, Extractor  
  16  1:17  Drone  
  17  1:32  Zergling x4  
  19  1:33  Queen  
  21  1:41  Overlord  
  21  1:56  Drone  
  22  2:03  Drone  
  23  2:09  Queen  
  23  2:14  Metabolic Boost  
  25  2:29  Hatchery  
  24  2:32  Drone  
  24  2:34  Drone  
  26  2:37  Drone  
  26  2:42  Drone  
  28  2:45  Drone  
  28  2:48  Drone  
  28  2:50  Drone  
  31  2:52  Drone  
  31  2:56  Drone  
  33  2:59  Drone  
  34  3:09  Overlord  
  33  3:15  Drone x2  
  33  3:17  Overlord  
  34  3:20  Overlord  
  34  3:21  Drone  
  35  3:28  Drone  
  35  3:29  Drone x2  
  35  3:32  Queen  
  40  3:36  Zergling x2  
  40  3:37  Zergling x2  
  42  3:43  Zergling x2  
  42  3:44  Zergling x2  
  40  3:49  Drone x2  
  40  3:51  Drone x2  
  40  3:53  Drone x3  
  43  3:58  Drone  
  43  4:08  Drone x3  
  46  4:13  Queen  
  46  4:16  Drone x3  
  51  4:25  Spore Crawler x2  
  51  4:26  Drone x3  
  51  4:31  Drone x2  
  54  4:35  Lair  
  54  4:40  Zergling x4  
  54  4:45  Drone  
  57  4:48  Zergling x8  
  57  4:50  Drone x2  
  63  4:59  Overlord  
  56  5:00  Drone x4  
  56  5:04  Drone  
  59  5:11  Drone x2  
  59  5:12  Drone  
  62  5:17  Drone x2, Roach Warren  
  63  5:26  Drone  
  63  5:27  Drone  
  63  5:28  Queen  
  66  5:37  Drone x3  
  66  5:38  Drone x4  
  66  5:42  Drone  
  73  5:43  Hydralisk Den  
  73  5:44  Evolution Chamber  
  73  5:46  Overlord  
  73  5:49  Overlord  
  72  5:57  Overlord  
  72  6:00  Overlord, Extractor, Queen  
  72  6:01  Extractor  
  60  6:19  Drone  
  60  6:20  Drone x10  
  54  6:33  Drone x3  
  54  6:35  Drone x2  
  54  6:38  Drone  
  53  6:41  Drone, Queen  
  53  6:43  Overlord  
  53  6:44  Hydralisk  
  57  6:51  Hydralisk x2  
  57  6:53  Queen  
  63  6:54  Drone  
  64  7:02  Muscular Augments  
  64  7:03  Hydralisk x3  
  64  7:06  Drone  
  71  7:08  Drone x2  
  71  7:10  Drone  
  74  7:16  Drone x5  
  74  7:19  Extractor  
  78  7:28  Drone x3  
  79  7:35  Drone x2  
  79  7:36  Drone x4  
  83  7:40  Extractor  
  83  7:41  Drone x3  
  85  7:46  Extractor  
  85  7:47  Hydralisk x2  
  88  7:51  Hydralisk x2  
  88  7:54  Zerg Missile Weapons Level 1  
  88  7:55  Drone  
  93  8:00  Overlord  
  93  8:08  Drone x5  
  93  8:09  Drone x3  
  93  8:10  Drone x2  
  103  8:19  Hatchery  
  100  8:20  Overlord  
  100  8:24  Overlord  
  100  8:26  Overlord  
  100  8:28  Overlord  
  100  8:34  Overlord  
  100  8:36  Overlord  
  100  8:39  Hydralisk x2  
  100  8:40  Hydralisk  
  105  8:41  Overlord  
  105  8:45  Drone  
  105  8:46  Drone x2  
  105  8:47  Drone x3  
  108  8:56  Hydralisk x4  
  108  8:59  Hydralisk  
  117  9:07  Infestation Pit  
  116  9:11  Drone x3  
  116  9:12  Drone x5  
  124  9:20  Hydralisk  
  124  9:21  Hydralisk x2  
  130  9:30  Drone  
  130  9:31  Overlord  
  130  9:33  Overlord  
  129  9:43  Drone  
  129  9:44  Overlord, Drone x2  
  129  9:46  Overlord  
  129  9:49  Hydralisk  
  129  9:50  Hydralisk x6  
  142  9:53  Hydralisk  
  142  9:57  Drone  
  145  10:04  Hydralisk x4  
  153  10:09  Zergling x4  
  153  10:10  Zergling x6  
  158  10:17  Hatchery  
  158  10:20  Zergling x2  
  158  10:21  Overlord  
  158  10:30  Overlord, Hydralisk x2  
  158  10:32  Hydralisk  
  158  10:34  Hydralisk x2  
  154  10:38  Zergling x2  
  154  10:39  Zergling x18  
  154  10:40  Zergling x2  
  161  10:46  Hydralisk x3  
  161  10:48  Hydralisk  
  161  10:53  Hydralisk x3  
  161  10:55  Hydralisk  
  154  10:58  Hydralisk  
  154  11:00  Hydralisk  
  154  11:02  Hydralisk  
  156  11:05  Hydralisk  
  156  11:10  Hydralisk x2  
  157  11:12  Hydralisk  
  159  11:18  Hydralisk  
  159  11:19  Hydralisk  
  159  11:22  Hydralisk  
  160  11:25  Overlord  
  160  11:28  Hydralisk x2  
  135  11:35  Overlord  
Show
View Real Time Build Order
Export as new Build Order

Optimus Terran - Winner!

Build Orders: Gas First Reaper Expand, Hellion Opening, Reaper Expand, Mech 

Get SALT Encoding   

  12  0:00  SCV  
  13  0:12  SCV  
  14  0:17  Supply Depot  
  14  0:24  SCV  
  15  0:29  Refinery  
  15  0:38  SCV  
  16  0:44  Barracks  
  16  0:50  SCV  
  17  1:02  SCV  
  18  1:14  SCV  
  19  1:31  Orbital Command, Reaper  
  20  1:43  Command Center  
  20  1:54  Factory  
  20  1:58  SCV  
  21  2:06  Barracks Reactor  
  21  2:09  Supply Depot  
  21  2:15  SCV  
  22  2:20  Refinery  
  22  2:27  SCV  
  23  2:39  SCV  
  24  2:45  Starport  
  24  2:46  Hellion  
  24  2:47  Hellion  
  28  2:51  SCV  
  28  2:53  Barracks Tech Lab  
  29  3:02  Orbital Command  
  29  3:04  SCV  
  30  3:18  Hellion x2  
  34  3:20  SCV  
  35  3:28  SCV  
  35  3:30  Raven  
  35  3:32  SCV  
  39  3:40  SCV, Hellion  
  42  3:44  SCV  
  41  3:52  SCV  
  41  3:54  Supply Depot  
  41  3:55  Hellion  
  42  3:56  SCV  
  43  4:08  SCV  
  45  4:11  Supply Depot  
  45  4:12  Raven  
  45  4:15  SCV, Marine  
  48  4:17  Supply Depot  
  48  4:19  Hellion x2  
  48  4:20  SCV  
  51  4:27  SCV  
  52  4:32  SCV  
  52  4:34  Command Center  
  53  4:40  SCV  
  53  4:44  Hellion x2  
  53  4:45  SCV  
  59  4:50  Refinery  
  59  4:51  Refinery  
  59  4:52  SCV  
  60  5:05  Hellion x2  
  64  5:08  SCV x2  
  64  5:10  Armory x2  
  66  5:17  Supply Depot  
  66  5:20  SCV x2  
  68  5:24  Starport Reactor  
  68  5:25  Barracks Tech Lab  
  68  5:30  Factory x2  
  68  5:32  SCV  
  69  5:37  SCV  
  69  5:39  Hellion  
  72  5:44  SCV  
  72  5:47  Hellion  
  72  5:49  Orbital Command  
  75  5:59  Terran Vehicle Weapons Level 1, Terran Vehicle And Ship Armor Level 1  
  75  6:00  SCV, Hellion  
  78  6:05  SCV  
  78  6:09  Hellion  
  81  6:12  SCV  
  81  6:17  SCV  
  79  6:22  Hellion  
  79  6:24  SCV x2  
  73  6:32  Thor  
  73  6:33  Orbital Command, Thor  
  73  6:36  Supply Depot  
  79  6:42  Medivac x2  
  79  6:43  SCV  
  79  6:44  Refinery  
  79  6:46  Hellion  
  88  6:47  Hellion  
  88  6:48  Refinery  
  88  6:50  SCV  
  89  6:55  Infernal Pre-Igniter  
  89  6:56  SCV  
  89  6:58  SCV  
  91  7:02  SCV  
  92  7:08  SCV  
  92  7:09  Supply Depot  
  92  7:10  Engineering Bay, SCV  
  92  7:14  SCV  
  95  7:16  Supply Depot  
  95  7:23  Hellion x2  
  99  7:33  Factory, Siege Tank x2  
  99  7:35  Factory  
  99  7:36  Supply Depot  
  105  7:37  Barracks Reactor, Supply Depot  
  105  7:43  Viking  
  105  7:44  Viking  
  109  7:50  Hellion x2  
  113  7:55  Terran Vehicle Weapons Level 2  
  113  7:58  Terran Vehicle And Ship Armor Level 2  
  113  8:02  SCV x2, Supply Depot  
  113  8:04  Supply Depot  
  115  8:06  SCV  
  115  8:12  Siege Tank  
  119  8:14  Siege Tank  
  122  8:23  Hellion x2  
  122  8:24  Factory Tech Lab  
  126  8:32  Hellion x2  
  126  8:33  Command Center  
  130  8:36  Viking  
  130  8:37  Viking  
  134  8:43  Siege Tank  
  134  8:44  Siege Tank  
  134  8:46  Hellion  
  134  8:48  Hellion  
  144  8:54  Siege Tank  
  149  8:56  Hellion  
  149  9:05  Supply Depot x2  
  149  9:08  Hellion  
  151  9:12  Viking x2  
  151  9:16  Hellion  
  157  9:22  Supply Depot  
  157  9:24  Hellion, Siege Tank x2  
  157  9:27  Siege Tank  
  168  9:32  Hellion x2  
  164  9:43  Hellion  
  164  9:45  Viking  
  168  9:46  Hellion  
  168  9:48  Viking  
  172  9:53  SCV x3  
  172  9:56  Siege Tank x2  
  181  10:05  SCV, Planetary Fortress  
  181  10:06  SCV  
  183  10:08  Siege Tank  
  183  10:13  Hellion x2  
  190  10:19  Hellion  
  192  10:21  SCV  
  192  10:22  SCV  
  194  10:28  Siege Tank  
  194  10:39  Hellion x2  
  200  10:47  Refinery, SCV x2  
  200  10:48  Refinery  
  197  10:54  Hellion  
  199  11:00  Command Center  
  199  11:15  Factory x2  
  199  11:30  Hellion  
Tags
 
Add a new tag
Caveats
  • Supply blocks, unpowered buildings, or Contaminate may cause inaccurate times.
  • Supply counts are checked every 10 seconds.